| TOP OF THE 1ST |
|
Kingsport Mets batting - Pitching for San Diego (APP) Padres : RHP Liam Tate
|
|
Pitching: RHP Liam Tate
|
|
|
Batting: LHB Jeremy Moorehead
|
0-0: Called Strike 0-1: Swinging Strike 0-2: Strikes out looking
|
|
Batting: RHB Andy Carrell
|
0-0: Called Strike 0-1: Swinging Strike 0-2: Foul Ball, location: 2F 0-2: Foul Ball, location: 2F 0-2: Ball 1-2: Ball 2-2: Strikes out looking
|
|
Batting: LHB Miguel Ramos
|
0-0: Foul Ball, location: 2F 0-1: Swinging Strike 0-2: Ball 1-2: Ball 2-2: Strikes out swinging
|
| Top of the 1st over - 0 runs, 0 hits, 0 errors, 0 left on base; Kingsport 0 - San Diego (APP) 0 |
| BOTTOM OF THE 1ST |
|
San Diego (APP) Padres batting - Pitching for Kingsport Mets : LHP David Salcido
|
|
Pitching: LHP David Salcido
|
|
|
Batting: RHB Elias Vences
|
0-0: Foul Ball, location: 2F 0-1: Foul Ball, location: 2F 0-2: Ball 1-2: Ball 2-2: Strikes out swinging
|
|
Batting: RHB Eric McMillian
|
0-0: Swinging Strike 0-1: Ball 1-1: Swinging Strike 1-2: Foul Ball, location: 2F 1-2: Foul Ball, location: 2F 1-2: Ball 2-2: Ball 3-2: Strikes out swinging
|
|
Batting: RHB Bryan Pitcher
|
0-0: Called Strike 0-1: Ball 1-1: Fly out, F8 (Flyball, 89M, EV 77.5 MPH)
|
| Bottom of the 1st over - 0 runs, 0 hits, 0 errors, 0 left on base; Kingsport 0 - San Diego (APP) 0 |
| TOP OF THE 2ND |
|
Kingsport Mets batting - Pitching for San Diego (APP) Padres : RHP Liam Tate
|
|
Batting: SHB Nick Daigle
|
0-0: Called Strike 0-1: Swinging Strike 0-2: Ball 1-2: Ground out 3-1 (Groundball, 34S, EV 75.6 MPH)
|
|
Batting: LHB Matt Baker
|
0-0: Ball 1-0: Ball 2-0: Called Strike 2-1: Called Strike 2-2: Ball 3-2: Foul Ball, location: 2F 3-2: SINGLE (Groundball, 4MD, EV 102.5 MPH)
|
|
Batting: RHB Danny Runberg
|
0-0: Ball 1-0: Called Strike Matt Baker steals 2nd base 1-1: Ground out 6-3 (Groundball, 6, EV 86.9 MPH) Matt Baker to third
|
|
Batting: LHB Jason Jones
|
0-0: DOUBLE (Flyball, 78XD, EV 93.1 MPH) Matt Baker scores
|
|
Batting: RHB Chris Graham
|
0-0: Ground out 6-3 (Groundball, 6, EV 104.4 MPH)
|
| Top of the 2nd over - 1 run, 2 hits, 0 errors, 1 left on base; Kingsport 1 - San Diego (APP) 0 |
| BOTTOM OF THE 2ND |
|
San Diego (APP) Padres batting - Pitching for Kingsport Mets : LHP David Salcido
|
|
Batting: RHB Aaron Joseph
|
0-0: Called Strike 0-1: Foul Ball, location: 2F 0-2: SINGLE (Flyball, 8LS, EV 91.9 MPH)
|
|
Batting: RHB Ruben Luis
|
0-0: Ball 1-0: Called Strike 1-1: Called Strike 1-2: Strikes out looking
|
|
Batting: RHB Devon Dill
|
0-0: Ball Passed Ball! Aaron Joseph to second 1-0: Ground out 5-3 (Groundball, 56S, EV 88.1 MPH)
|
|
Batting: LHB Carlos Cuellar
|
0-0: Ball 1-0: Called Strike 1-1: Fly out, F8 (Flyball, 8LD, EV 89.4 MPH)
|
| Bottom of the 2nd over - 0 runs, 1 hit, 0 errors, 1 left on base; Kingsport 1 - San Diego (APP) 0 |
| TOP OF THE 3RD |
|
Kingsport Mets batting - Pitching for San Diego (APP) Padres : RHP Liam Tate
|
|
Batting: RHB Roberto Delgado
|
0-0: Ball 1-0: Called Strike 1-1: Called Strike 1-2: Foul Ball, location: 2F 1-2: Strikes out swinging
|
|
Batting: LHB Jeremy Moorehead
|
0-0: Ball 1-0: Called Strike 1-1: Ball 2-1: Foul Ball, location: 2F 2-2: Ground out U3 (Groundball, 3, EV 83.1 MPH)
|
|
Batting: RHB Andy Carrell
|
0-0: Ball 1-0: SINGLE (Groundball, 56S, EV 66.9 MPH) (infield hit)
|
|
Batting: LHB Miguel Ramos
|
0-0: Ball 1-0: Swinging Strike 1-1: Ball 2-1: Swinging Strike 2-2: Strikes out looking
|
| Top of the 3rd over - 0 runs, 1 hit, 0 errors, 1 left on base; Kingsport 1 - San Diego (APP) 0 |
| BOTTOM OF THE 3RD |
|
San Diego (APP) Padres batting - Pitching for Kingsport Mets : LHP David Salcido
|
|
Batting: RHB Phil McFadden
|
0-0: Ball 1-0: Ball 2-0: Called Strike 2-1: TRIPLE (Line Drive, 9LD, EV 101.2 MPH)
|
|
Batting: RHB Ed Oake
|
0-0: Ball 1-0: Called Strike 1-1: Ball Passed Ball! Phil McFadden scores 2-1: Ball 3-1: Called Strike 3-2: Foul Ball, location: 2F 3-2: Strikes out swinging
|
|
Batting: RHB Elias Vences
|
0-0: Ball 1-0: Ball 2-0: Called Strike 2-1: Swinging Strike 2-2: Strikes out swinging, 2-3 out at first.
|
|
Batting: RHB Eric McMillian
|
0-0: Foul Ball, location: 2F 0-1: Called Strike 0-2: Foul Ball, location: 2F 0-2: Strikes out swinging
|
| Bottom of the 3rd over - 1 run, 1 hit, 0 errors, 0 left on base; Kingsport 1 - San Diego (APP) 1 |
| TOP OF THE 4TH |
|
Kingsport Mets batting - Pitching for San Diego (APP) Padres : RHP Liam Tate
|
|
Batting: SHB Nick Daigle
|
0-0: Ball 1-0: Called Strike 1-1: Foul Ball, location: 2F 1-2: Foul Ball, location: 2F 1-2: Foul Ball, location: 2F 1-2: Strikes out looking
|
|
Batting: LHB Matt Baker
|
0-0: Fly out, F7 (Flyball, 78S, EV 86.2 MPH)
|
|
Batting: RHB Danny Runberg
|
0-0: Foul Ball, location: 2F 0-1: Ground out 3-1 (Groundball, 34, EV 98.8 MPH)
|
| Top of the 4th over - 0 runs, 0 hits, 0 errors, 0 left on base; Kingsport 1 - San Diego (APP) 1 |
| BOTTOM OF THE 4TH |
|
San Diego (APP) Padres batting - Pitching for Kingsport Mets : LHP David Salcido
|
|
Batting: RHB Bryan Pitcher
|
0-0: Called Strike 0-1: Ball 1-1: Ball 2-1: Swinging Strike 2-2: Ball 3-2: Foul Ball, location: 2F 3-2: Foul Ball, location: 2F 3-2: Foul Ball, location: 2F 3-2: Foul Ball, location: 2F 3-2: Foul Ball, location: 2F 3-2: Base on Balls
|
|
Batting: RHB Aaron Joseph
|
0-0: Called Strike 0-1: SINGLE (Groundball, 56D, EV 103.8 MPH) Bryan Pitcher to second
|
|
Batting: RHB Ruben Luis
|
0-0: Ball Passed Ball! Bryan Pitcher to third Aaron Joseph to second 1-0: Called Strike 1-1: Ball 2-1: Foul Ball, location: 2F 2-2: Ball Passed Ball! Bryan Pitcher scores Aaron Joseph to third 3-2: Fly out, F4 (Popup, 34D, EV 51.9 MPH)
|
|
Batting: RHB Devon Dill
|
0-0: Called Strike 0-1: Foul Ball, location: 2F 0-2: Foul Ball, location: 2F 0-2: Foul Ball, location: 2F 0-2: Ball 1-2: Ball 2-2: Ball Wild Pitch! Aaron Joseph scores 3-2: Strikes out swinging
|
|
Batting: LHB Carlos Cuellar
|
0-0: Called Strike 0-1: DOUBLE (Groundball, 5L, EV 106.9 MPH)
|
|
Batting: RHB Phil McFadden
|
0-0: Called Strike 0-1: Fly out, F7 (Flyball, 7D, EV 88.8 MPH)
|
| Bottom of the 4th over - 2 runs, 2 hits, 0 errors, 1 left on base; Kingsport 1 - San Diego (APP) 3 |
| TOP OF THE 5TH |
|
Kingsport Mets batting - Pitching for San Diego (APP) Padres : RHP Liam Tate
|
|
Batting: LHB Jason Jones
|
0-0: SINGLE (Groundball, 6MD, EV 109.4 MPH)
|
|
Batting: RHB Chris Graham
|
0-0: Swinging Strike 0-1: Ball 1-1: Ball 2-1: Ball 3-1: Base on Balls Jason Jones to second
|
|
Batting: RHB Roberto Delgado
|
0-0: Swinging Strike 0-1: Ball 1-1: Foul Ball, location: 2F 1-2: Foul Ball, location: 2F 1-2: Ball 2-2: Foul Ball, location: 2F 2-2: Strikes out swinging
|
|
Batting: LHB Jeremy Moorehead
|
0-0: Ball 1-0: Ball 2-0: SINGLE (Groundball, 25, EV 68.1 MPH) (infield hit) Jason Jones to third Chris Graham to second
|
|
Batting: RHB Andy Carrell
|
0-0: Called Strike 0-1: Foul Ball, location: 2F 0-2: Ball 1-2: Foul Ball, location: 2F 1-2: Strikes out swinging
|
|
Pitching: RHP Roger Brennan
|
|
|
Batting: LHB Miguel Ramos
|
0-0: Ball Wild Pitch! Jason Jones scores Chris Graham to third Jeremy Moorehead to second 1-0: Ball 2-0: Ball 3-0: Called Strike 3-1: Called Strike 3-2: Ground out 4-3 (Groundball, 4, EV 91.2 MPH)
|
| Top of the 5th over - 1 run, 2 hits, 0 errors, 2 left on base; Kingsport 2 - San Diego (APP) 3 |
| BOTTOM OF THE 5TH |
|
San Diego (APP) Padres batting - Pitching for Kingsport Mets : LHP David Salcido
|
|
Batting: RHB Ed Oake
|
0-0: Ball 1-0: Reached via error on a dropped throw from 1B, E1 (Groundball, 34, EV 82.5 MPH)
|
|
Batting: RHB Elias Vences
|
0-0: Ball Passed Ball! Ed Oake to second 1-0: Foul Ball, location: 2F 1-1: Foul Ball, location: 2F 1-2: Ball Passed Ball! Ed Oake to third 2-2: Ball 3-2: Base on Balls
|
|
Batting: RHB Eric McMillian
|
0-0: Ball 1-0: Ball 2-0: SINGLE (Groundball, 4D, EV 101.9 MPH) Ed Oake scores Elias Vences to second Runner from 2nd tries for 3rd, SAFE, throw by RF made to third
|
|
Batting: RHB Bryan Pitcher
|
0-0: Foul Ball, location: 2F 0-1: Ball 1-1: Grounds into double play, 5-4-3 (Groundball, 15, EV 86.2 MPH) Elias Vences scores
|
|
Batting: RHB Aaron Joseph
|
0-0: Ball 1-0: Ball 2-0: Called Strike 2-1: Fly out, F9 (Flyball, 9LM, EV 86.9 MPH)
|
| Bottom of the 5th over - 2 runs, 1 hit, 1 error, 0 left on base; Kingsport 2 - San Diego (APP) 5 |
| TOP OF THE 6TH |
|
Kingsport Mets batting - Pitching for San Diego (APP) Padres : RHP Roger Brennan
|
|
Batting: SHB Nick Daigle
|
0-0: Ball 1-0: Called Strike 1-1: Foul Ball, location: 2F 1-2: Strikes out swinging
|
|
Batting: LHB Matt Baker
|
0-0: Called Strike 0-1: Foul Ball, location: 2F 0-2: Strikes out swinging
|
|
Batting: RHB Danny Runberg
|
0-0: DOUBLE (Groundball, 5L, EV 103.8 MPH)
|
|
Batting: LHB Jason Jones
|
0-0: Ground out U3 (Groundball, 3, EV 105.6 MPH)
|
| Top of the 6th over - 0 runs, 1 hit, 0 errors, 1 left on base; Kingsport 2 - San Diego (APP) 5 |
| BOTTOM OF THE 6TH |
|
San Diego (APP) Padres batting - Pitching for Kingsport Mets : LHP David Salcido
|
|
Pitching: LHP Dan Bremseth
|
|
|
Batting: RHB Ruben Luis
|
0-0: Ball 1-0: Foul Ball, location: 2F 1-1: Ball 2-1: Ball 3-1: Called Strike 3-2: Base on Balls
|
|
Batting: RHB Devon Dill
|
0-0: Ball Passed Ball! Ruben Luis to second 1-0: Ball Passed Ball! Ruben Luis to third 2-0: Ball Passed Ball! Ruben Luis scores 3-0: Called Strike 3-1: Base on Balls
|
|
Batting: LHB Carlos Cuellar
|
0-0: Ball 1-0: Called Strike Passed Ball! Devon Dill to second 1-1: Swinging Strike 1-2: Ball Passed Ball! Devon Dill to third 2-2: Fly out, F8 (Line Drive, 8LD, EV 90.0 MPH)
|
|
Batting: RHB Phil McFadden
|
0-0: Called Strike 0-1: Ball Wild Pitch! Devon Dill scores 1-1: Ball 2-1: Ball 3-1: Called Strike 3-2: Base on Balls
|
|
Batting: RHB Ed Oake
|
0-0: Ball 1-0: Foul Ball, location: 2F 1-1: Swinging Strike 1-2: Strikes out looking
|
|
Batting: RHB Elias Vences
|
0-0: Called Strike 0-1: Ball Passed Ball! Phil McFadden to second 1-1: Foul Ball, location: 2F 1-2: Strikes out swinging
|
| Bottom of the 6th over - 2 runs, 0 hits, 0 errors, 1 left on base; Kingsport 2 - San Diego (APP) 7 |
| TOP OF THE 7TH |
|
Kingsport Mets batting - Pitching for San Diego (APP) Padres : RHP Roger Brennan
|
|
Batting: RHB Chris Graham
|
0-0: Ball 1-0: Called Strike 1-1: Called Strike 1-2: Strikes out swinging, 2-3 out at first.
|
|
Batting: RHB Roberto Delgado
|
0-0: Called Strike 0-1: Ball 1-1: Ball 2-1: Swinging Strike 2-2: Ball 3-2: Ground out 6-3 (Groundball, 6, EV 84.4 MPH)
|
|
Batting: LHB Jeremy Moorehead
|
0-0: Ball 1-0: Swinging Strike 1-1: Ball 2-1: Foul Ball, location: 2F 2-2: Ground out 6-3 (Groundball, 6, EV 86.9 MPH)
|
| Top of the 7th over - 0 runs, 0 hits, 0 errors, 0 left on base; Kingsport 2 - San Diego (APP) 7 |
| BOTTOM OF THE 7TH |
|
San Diego (APP) Padres batting - Pitching for Kingsport Mets : LHP Dan Bremseth
|
|
Batting: RHB Eric McMillian
|
0-0: Ball 1-0: Called Strike 1-1: Foul Ball, location: 2F 1-2: Ball 2-2: Foul Ball, location: 2F 2-2: Foul Ball, location: 2F 2-2: Ground out 5-3 (Groundball, 5, EV 103.1 MPH)
|
|
Pitching: LHP Matt Allert
|
|
|
Batting: RHB Bryan Pitcher
|
0-0: Called Strike 0-1: Ground out 6-3 (Groundball, 6, EV 93.1 MPH)
|
|
Batting: RHB Aaron Joseph
|
0-0: Ball 1-0: Ball 2-0: Called Strike 2-1: Ball 3-1: Base on Balls
|
|
Batting: RHB Ruben Luis
|
0-0: SINGLE (Groundball, 4MD, EV 96.2 MPH) Aaron Joseph to second Runner from 2nd tries for 3rd, SAFE, throw by CF made to third
|
|
Batting: RHB Devon Dill
|
0-0: Ball Wild Pitch! Aaron Joseph scores Ruben Luis to second 1-0: Foul Ball, location: 2F 1-1: Foul Ball, location: 2F 1-2: Strikes out swinging
|
| Bottom of the 7th over - 1 run, 1 hit, 0 errors, 1 left on base; Kingsport 2 - San Diego (APP) 8 |
| TOP OF THE 8TH |
|
Kingsport Mets batting - Pitching for San Diego (APP) Padres : RHP Roger Brennan
|
|
Batting: RHB Andy Carrell
|
0-0: Ball 1-0: Ball 2-0: Called Strike 2-1: Ground out 5-3 (Groundball, 56S, EV 79.4 MPH)
|
|
Batting: LHB Miguel Ramos
|
0-0: Ball 1-0: Swinging Strike 1-1: Ball 2-1: Ball 3-1: Foul Ball, location: 2F 3-2: Strikes out swinging
|
|
Batting: SHB Nick Daigle
|
0-0: SINGLE (Groundball, 4, EV 107.5 MPH)
|
|
Batting: LHB Matt Baker
|
0-0: Ball 1-0: Ball 2-0: Ball 3-0: Base on Balls Nick Daigle to second
|
|
Batting: RHB Danny Runberg
|
0-0: Foul Ball, location: 2F 0-1: Ball 1-1: Foul Ball, location: 2F 1-2: Strikes out looking
|
| Top of the 8th over - 0 runs, 1 hit, 0 errors, 2 left on base; Kingsport 2 - San Diego (APP) 8 |
| BOTTOM OF THE 8TH |
|
San Diego (APP) Padres batting - Pitching for Kingsport Mets : LHP Matt Allert
|
|
Batting: LHB Carlos Cuellar
|
0-0: Ball 1-0: Fly out, F9 (Flyball, 9D, EV 88.8 MPH)
|
|
Batting: RHB Phil McFadden
|
0-0: Ball 1-0: Ball 2-0: Ball 3-0: Base on Balls
|
|
Pitching: RHP Pat Sprague
|
|
|
Batting: RHB Ed Oake
|
0-0: Ball 1-0: Ball 2-0: Ball Passed Ball! Phil McFadden to second 3-0: Called Strike 3-1: Base on Balls
|
|
Batting: RHB Elias Vences
|
0-0: Called Strike 0-1: Foul Ball, location: 2F 0-2: Strikes out swinging
|
|
Batting: RHB Eric McMillian
|
0-0: Ball Wild Pitch! Phil McFadden to third Ed Oake to second 1-0: Ground out 6-3 (Groundball, 6, EV 100.0 MPH)
|
| Bottom of the 8th over - 0 runs, 0 hits, 0 errors, 2 left on base; Kingsport 2 - San Diego (APP) 8 |
| TOP OF THE 9TH |
|
Kingsport Mets batting - Pitching for San Diego (APP) Padres : RHP Roger Brennan
|
|
Batting: LHB Jason Jones
|
0-0: Ball 1-0: DOUBLE (Groundball, 3L, EV 102.5 MPH)
|
|
Pitching: RHP Nick Goodlow
|
|
|
Batting: RHB Chris Graham
|
0-0: Ball 1-0: Ball 2-0: Fly out, F8 (Flyball, 8LM, EV 88.8 MPH)
|
|
Batting: RHB Coltin Nellis
|
0-0: Called Strike 0-1: Called Strike 0-2: Ball 1-2: Strikes out swinging
|
|
Batting: LHB Jeremy Moorehead
|
0-0: Ground out 4-3 (Groundball, 4, EV 90.0 MPH)
|
| Top of the 9th over - 0 runs, 1 hit, 0 errors, 1 left on base; Kingsport 2 - San Diego (APP) 8 |
|